 Dungeon Crawl Stone Soup version 0.31.0-11-ge490571c62 (webtiles) character file.

Game seed: 9696231779161595076

102 Arcadio the Digger (level 4, -3/27 HPs)
             Began as a Gargoyle Earth Elementalist on Jan 27, 2024.
             Slain by Crazy Yiuf
             ... wielding a +2 quarterstaff of chaos
              (13 damage)
             ... on level 2 of the Dungeon.
             The game lasted 00:04:23 (1827 turns).

Arcadio the Digger (Gargoyle Earth Elementalist)    Turns: 1827, Time: 00:04:24

Health: -3/27      AC: 10    Str: 11    XL:     4   Next: 78%
Magic:  6/7        EV:  8    Int: 24    God:
Gold:   41         SH:  0    Dex: 10    Spells: 3/7 levels left

rFire   . . .        d - +0 mace
rCold   . . .        (no shield)
rNeg    + . .        f - +0 scale mail
rPois   ∞            (no helmet)
rElec   +            (no cloak)
rCorr   .            (no gloves)
SInv    .            (no boots)
Will    .....        (no amulet) Stlth
                     m - +6 ring of intelligence
HPRegen 0.24/turn    (no ring)
MPRegen 0.10/turn

%: no passive effects
@: confused
A: sickness immunity, AC +3, negative energy resistance 1, electricity
resistance, torment resistance 1, petrification resistance
a: no special abilities


You were on level 2 of the Dungeon.
You visited 1 branch of the dungeon, and saw 2 of its levels.

You collected 41 gold pieces.

Inventory:

Hand Weapons
 d - a +0 mace (weapon)
 l - a +0 whip
Armour
 a - a +0 robe
 e - a +0 leather armour
 f - a +0 scale mail (worn)
Jewellery
 m - a +6 ring of intelligence (left hand)
Scrolls
 g - 3 scrolls of identify {unknown}
 i - a scroll of silence {unknown}
 j - a scroll of enchant weapon {unknown}
 o - a scroll of immolation {unknown}
 p - a scroll of acquirement {unknown}
Potions
 b - a potion of magic
 c - a potion of brilliance {unknown}
 h - a potion of attraction {unknown}
 k - a potion of haste {unknown}
 n - a potion of enlightenment {unknown}
 q - a potion of mutation {unknown}


   Skills:
 + Level 2.5 Fighting
 + Level 2.4 Armour
 - Level 1.5 Dodging
 - Level 2.1 Stealth
 - Level 2.0 Spellcasting
 - Level 1.1 Conjurations
 + Level 4.7 Earth Magic


You had 3 spell levels left.
You knew the following spells:

 Your Spells              Type           Power      Damage    Failure   Level
a - Sandblast             Erth           50%        2d12      10%         1
b - Stone Arrow           Conj/Erth      32%        3d9       52%         3

Your spell library contained the following spells:

 Spells                   Type           Power      Damage    Failure   Level
 Passwall                 Erth           25%        N/A       30%         3
 Summon Small Mammal      Summ           8%         N/A       56%         1
 Call Canine Familiar     Summ           2%         N/A       90%         3
 Brom's Barrelling Bould  Conj/Erth      16%        2d4       90%         4
 Petrify                  Alch/Erth      13%        N/A       95%         4
 Summon Blazeheart Golem  Fire/Summ      2%         N/A       100%        4


Dungeon Overview and Level Annotations

Branches:
Dungeon (2/15)

Altars:

Annotations:
D:2 Crazy Yiuf


Innate Abilities, Weirdness & Mutations

You are immune to sickness and miasma.
Your stone body is resilient. (AC +3)
You are immune to poison.
You resist negative energy. (rN+)
You are resistant to electric shocks. (rElec)
You are resistant to unholy torment.
You are immune to petrification.


Message History

Confirm with . or Enter, or press ? or * to list all spells.
Aiming: Sandblast (safe; 10% risk of failure)
Press: ? - help, Shift-Dir - straight line, f - ball python
Aim: a ball python (81% to hit)
The blast of sand hits the ball python!
You kill the ball python!
Things that are here:
a +0 club; a goblin corpse You open the door.
There is an open door here.
q - a fizzy ruby potion
There is an open door here.
There is an open door here.
Crazy Yiuf shouts!
You see here a +0 hammer.
Crazy Yiuf says, "Seed sanguine sow!"
You see here a +0 hammer.
You open the door.
Casting: Sandblast (safe; 10% risk of failure)
Confirm with . or Enter, or press ? or * to list all spells.
Aiming: Sandblast (safe; 10% risk of failure)
Press: ? - help, Shift-Dir - straight line, f - Crazy Yiuf
Aim: Crazy Yiuf, wielding a +2 quarterstaff of chaos and wearing a +0 cloak (85% to hit)
The blast of sand hits Crazy Yiuf!
Crazy Yiuf is heavily wounded.
Crazy Yiuf hits you with a +2 quarterstaff of chaos!
You are confused.
Unknown command.
You're too confused to cast spells.
Unknown command.
You're too confused to cast spells.
Unknown command.
You're too confused to cast spells.
You bump into the stone wall.
Crazy Yiuf hits you with a +2 quarterstaff of chaos!
Crazy Yiuf burns you.
You barely miss Crazy Yiuf.
Crazy Yiuf is heavily wounded.
Crazy Yiuf hits you with a +2 quarterstaff of chaos!
You die...

..#.######.###....#
..#.# ### #....#
###.# ♣P..P♣ ....#
♣)P.♣♣ ##### ♣♣.♣♣
♣)♣♣ ♣♣.♣ ♣)♣♣ ♣♣@♣
#g# ... #...# #..)#
#####


You could see Crazy Yiuf.

Vanquished Creatures
  Jessica (D:2)
  3 adders (D:2)
  A dart slug (D:2)
  A ribbon worm (D:1)
  An orc (D:2)
  3 endoplasms (D:1)
  4 giant cockroaches
  4 hobgoblins
  2 jackals (D:1)
  2 quokkas
  4 ball pythons
  5 bats
  4 goblins
  5 kobolds
  2 rats
42 creatures vanquished.

Notes
Turn   | Place    | Note
-------+----------+-------------------------------------------
     0 | D:1      | Arcadio the Gargoyle Earth Elementalist began the quest for
                  | the Orb.
     0 | D:1      | Reached XP level 1. HP: 10/10 MP: 3/3
   259 | D:1      | Reached XP level 2. HP: 14/16 MP: 0/5
   362 | D:1      | Reached skill level 1 in Armour
   481 | D:1      | Reached skill level 1 in Fighting
   483 | D:1      | Reached skill level 4 in Earth Magic
   996 | D:2      | Reached XP level 3. HP: 20/20 MP: 0/6
  1113 | D:2      | Found a runed translucent door.
  1114 | D:2      | Noticed Crazy Yiuf
  1159 | D:2      | Learned a level 3 spell: Stone Arrow
  1182 | D:2      | Noticed Jessica
  1184 | D:2      | Killed Jessica
  1185 | D:2      | Reached XP level 4. HP: 24/26 MP: 7/7
  1827 | D:2      | Slain by Crazy Yiuf

Illustrated notes

Levels and vault maps discovered:
D:1:      dpeg_arrival_boxes_within_box, layout_basic,
          nicolae_figureground_pulse
D:2:      layout_basic, uniq_jessica, uniq_crazy_yiuf_cottage

Skill      XL: |  1  2  3 |
---------------+----------+-----
Armour         | 1 2 |  2.4
Fighting       | 1 2 |  2.5
Earth Magic    | 4 |  4.7
Dodging        | |  1.5
Stealth        | |  2.1
Spellcasting   | |  2.0
Conjurations   | |  1.1

Action                     |  1- 3 |  4- 6 || total
---------------------------+-------+-------++-------
  Melee: Mace              |    35 |    33 ||    68
         Punch             |       |     1 ||     1
   Cast: Sandblast         |    27 |     5 ||    32
 Armour: Robe              |    21 |       ||    21
         Scale mail        |    26 |    34 ||    60
  Dodge: Dodged            |    39 |    22 ||    61
